 Dungeon Crawl Stone Soup version 0.21-a0-72-gbbb65ab (webtiles) character file.

11733 vev the Spear-Bearer (level 11, 97/97 HPs)
             Began as a Red Draconian Gladiator on Nov 22, 2016.
             Quit the game on level 11 of the Dungeon on June 20, 2017.
             The game lasted 00:39:19 (9953 turns).

vev the Spear-Bearer (Red Draconian Gladiator)      Turns: 9953, Time: 00:39:19

Health: 97/97      AC: 10    Str: 18    XL:     11   Next: 53%
Magic:  11/11      EV: 17    Int: 13    God:    Xom [.*....]
Gold:   934        SH:  0    Dex: 14    Spells: 10/10 levels left

rFire    + . .     SeeInvis +   a - +2 spear (venom)
rCold    + . .     Gourm    .   (no shield)
rNeg     . . .     Faith    .   (armour unavailable)
rPois    +         Spirit   .   i - +0 hat
rElec    +         Reflect  .   L - +2 cloak
rCorr    .         Harm     .   (no gloves)
MR       .....                  (no boots)
Stlth    ++++......             A - amulet of the Fifty Dances {rElec Regen+ SInv}
HPRegen  0.66/turn              g - ring of poison resistance
MPRegen  0.12/turn              I - ring of Sithrauwn {rC+ Int+4}

@: no status effects
A: breathe fire, unfitting armour, fire resistance 1, cold-blooded, AC +7
a: Breathe Fire, Renounce Religion


You were on level 11 of the Dungeon.
You worshipped Xom.
You were a plaything of Xom.
You were not hungry.

You visited 1 branch of the dungeon, and saw 11 of its levels.
You visited the Abyss 1 time.
You also visited: Bailey.

You collected 934 gold pieces.

Inventory:

Hand Weapons
 a - a +2 spear of venom (weapon)
 b - a +1 spear of piercing
Missiles
 c - 5 throwing nets (quivered)
 F - 41 tomahawks of returning
Armour
 i - a +0 hat (worn)
 L - a +2 cloak (worn)
Jewellery
 g - a ring of poison resistance (left hand)
 A - the amulet of the Fifty Dances (around neck) {rElec Regen+ SInv}
   (Xom gifted it to you on level 4 of the Dungeon)

   [amulet of regeneration]

   It insulates you from electricity.
   It lets you see invisible.
   It increases your rate of regeneration.
 G - a +2 ring of strength
 I - the ring of Sithrauwn (right hand) {rC+ Int+4}
   (You found it on level 9 of the Dungeon)

   [ring of protection from cold]

   It affects your intelligence (+4).
   It protects you from cold.
Wands
 f - a wand of paralysis (7/24)
 h - a wand of digging (7/24)
 l - a wand of flame (7/48)
 n - a wand of iceblast (3/15)
 t - a wand of disintegration (0/24)
 u - a wand of digging (10/24)
 w - a wand of digging (14/24)
 J - a wand of digging (8/24)
 M - a wand of acid (10/15)
 O - a wand of iceblast (11/15)
Scrolls
 e - a scroll of immolation
 k - 2 scrolls of magic mapping
 p - 4 scrolls of remove curse
 s - 3 scrolls of identify
 y - a scroll of amnesia
 B - a scroll of teleportation {unknown}
Potions
 m - 2 potions of haste
 q - 3 potions of flight
 r - 4 potions of heal wounds
 v - 3 potions of curing
 z - a potion of might
 E - a potion of cancellation
Books
 j - a book of Callings

   Spells                             Type                      Level
   a - Summon Small Mammal            Summoning                    1
   b - Call Imp                       Summoning                    2
   c - Call Canine Familiar           Summoning                    3
   d - Summon Guardian Golem          Hexes/Summoning              3
   e - Summon Lightning Spire         Summoning/Air                4
   f - Summon Ice Beast               Ice/Summoning                4
 x - a book of Maledictions

   Spells                             Type                      Level
   a - Corona                         Hexes                        1
   b - Ensorcelled Hibernation        Hexes/Ice                    2
   c - Confuse                        Hexes                        3
   d - Tukima's Dance                 Hexes                        3
   e - Dazzling Spray                 Conjuration/Hexes            3
 D - a book of Changes

   Spells                             Type                      Level
   a - Beastly Appendage              Transmutation                1
   b - Sticks to Snakes               Transmutation                2
   c - Spider Form                    Transmutation/Poison         3
   d - Ice Form                       Ice/Transmutation            4
   e - Blade Hands                    Transmutation                5
Miscellaneous
 H - a phial of floods (inert)
Comestibles
 d - 10 bread rations
 o - 2 royal jellies
 C - 5 meat rations
 K - 3 fruits


   Skills:
 + Level 9.3 Fighting
 * Level 11.7(11.8) Polearms
   Level 3.0(8.2) Staves
 - Level 1.7 Throwing
 + Level 8.2 Dodging
 + Level 8.0 Stealth


You had 10 spell levels left.
You didn't know any spells.

Dungeon Overview and Level Annotations

Branches:
Dungeon (11/15)            Temple (0/1) D:7            Lair (0/6) D:9
    Orc: D:9-12

Altars:
Fedhas
Gozag
Makhleb
Okawaru
Qazlal
Xom


Innate Abilities, Weirdness & Mutations

You can breathe blasts of fire.
Your fiery red scales are hard. (AC +7)
You cannot fit into any form of body armour.
Your flesh is heat resistant. (rF+)
You are cold-blooded and may be slowed by cold attacks.


Message History

Welcome back, vev the Red Draconian Gladiator.
Xom snickers.
Press ? for a list of commands and other information.
Quiver which item? (- for none, * to show all) (? for menu, Esc to quit)
Okay, then.
Okay, then.
Save game and exit?
Welcome back, vev the Red Draconian Gladiator.
Xom titters.
Press ? for a list of commands and other information.
Save game and exit?
Welcome back, vev the Red Draconian Gladiator.
Xom snickers.
Press ? for a list of commands and other information.
Quiver which item? (- for none, * to show all) (? for menu, Esc to quit)
Okay, then.
Unknown command.
Eating a chunk of flesh.
You eat the chunk of flesh.
This raw flesh tastes terrible.
Are you sure you want to abandon this character and quit the game? (Confirm with "yes".)

#........#
#........#
#........#
#######'## #.##
#..#
#########[##
#........รท.#
#.....@....#
#..........#
##..........#
............#
##..........#
#..........#
#..............
#######.#######
###


There were no monsters in sight!

Vanquished Creatures
  The ghost of Uhlv the Blocker, a journeyman TrBe of Trog (D:11)
  An anaconda (D:11)
  A hell hog (Abyss:1)
  An unseen horror (D:10)
  A removed MONS_HILL_GIANT (D:10)
  A wolf spider zombie (D:11)
  A manticore (D:11)
  A cyclops (D:11)
  A freezing wraith (Abyss:1)
  A kobold demonologist (D:10)
  2 two-headed ogres
  2 hippogriffs
  Sigmund (D:2)
  A wyvern (D:11)
  A spriggan (D:7)
  A yak (D:11)
  A hungry ghost (D:11)
  2 small abominations (Abyss:1)
  9 orc warriors
  A sky beast (D:7)
  A black bear (D:8)
  2 ice beasts (D:11)
  3 ogres
  4 centaurs
  10 big kobolds (D:10)
  4 bullfrogs
  A gnoll sergeant (D:10)
  A wyvern zombie (D:7)
  3 scorpions
  4 killer bees (D:7)
  7 howler monkeys
  3 wights (D:6)
  6 crimson imps
  A bullfrog zombie (D:10)
  A jelly (D:8)
  A quasit (Abyss:1)
  A centaur zombie (D:11)
  2 hounds
  2 bullfrog skeletons
  A centaur skeleton (D:10)
  6 orc priests
  3 iguanas
  11 orc wizards
  2 worker ants
  Terence (D:1)
  A hound zombie (D:6)
  12 adders
  13 gnolls
  3 shadow imps
  2 oozes (D:2)
  An adder skeleton (D:9)
  3 worms
  8 leopard geckos
  38 orcs
  3 ball pythons
  A giant cockroach (D:4)
  17 goblins
  8 hobgoblins
  17 jackals
  24 kobolds
  A quokka (D:10)
  3 bats
  7 frilled lizards
  7 rats
281 creatures vanquished.

Vanquished Creatures (collateral kills)
  5 yaks (D:11)
  A leopard gecko (D:7)
6 creatures vanquished.

Vanquished Creatures (others)
  6 starspawn tentacles (Abyss:1)
6 creatures vanquished.

Grand Total: 293 creatures vanquished

Notes
Turn   | Place    | Note
-------+----------+-------------------------------------------
     0 | D:1      | vev the Draconian Gladiator began the quest for the Orb.
     0 | D:1      | Reached XP level 1. HP: 17/17 MP: 1/1
   204 | D:1      | Reached skill level 1 in Polearms
   204 | D:1      | Reached XP level 2. HP: 24/24 MP: 2/2
   645 | D:2      | Noticed Terence
   669 | D:1      | Killed Terence
   669 | D:1      | Reached skill level 2 in Polearms
   669 | D:1      | Reached skill level 3 in Dodging
   669 | D:1      | Reached skill level 1 in Stealth
   669 | D:1      | Reached XP level 3. HP: 11/30 MP: 3/3
  1144 | D:2      | Reached XP level 4. HP: 31/37 MP: 4/4
  1243 | D:2      | Noticed Sigmund
  1269 | D:2      | Killed Sigmund
  1269 | D:2      | Reached skill level 3 in Fighting
  1269 | D:2      | Reached skill level 3 in Polearms
  1269 | D:2      | Reached skill level 2 in Stealth
  1269 | D:2      | Reached XP level 5. HP: 23/45 MP: 5/5
  1584 | D:2      | Reached XP level 6. HP: 49/51 MP: 6/6
  1911 | D:3      | Found a faded altar of an unknown god.
  1956 | D:3      | Found a shimmering altar of Xom.
  1978 | D:3      | Became a worshipper of Xom of Chaos
  2074 | D:3      | Reached skill level 4 in Polearms
  2209 | D:3      | XOM: smoke on damage
  2211 | D:3      | XOM: potion effect (haste)
  2222 | D:3      | XOM: harmless Chrm miscast
  2317 | D:3      | Reached skill level 4 in Dodging
  2377 | D:3      | XOM: harmless Air miscast
  2578 | D:3      | Found an opulent altar of Gozag.
  2881 | D:4      | Reached skill level 4 in Fighting
  2881 | D:4      | Your scales start taking on a fiery red colour.
  2881 | D:4      | Reached XP level 7. HP: 59/59 MP: 7/7
  2881 | D:4      | Gained mutation: Your flesh is heat resistant. (rF+) [Red Draconian growth]
  2922 | D:4      | XOM: mild Chrm miscast
  2931 | D:4      | XOM: cloud trail
  2942 | D:4      | XOM: harmless Necr miscast
  3017 | D:4      | Reached skill level 5 in Polearms
  3017 | D:4      | Reached skill level 3 in Stealth
  3074 | D:4      | XOM: cloud trail
  3262 | D:4      | Found a blossoming altar of Fedhas.
  3310 | D:4      | XOM: god gift: faintly glowing tin amulet {god gift}
  3311 | D:4      | Got a faintly glowing tin amulet {god gift}
  3312 | D:4      | Identified the amulet of the Fifty Dances {rElec Regen+ SInv} (Xom gifted it to you on level 4 of the Dungeon)
  3313 | D:4      | wow
  3764 | D:4      | XOM: scenery: create altars
  3820 | D:5      | Entered Level 5 of the Dungeon
  3918 | D:5      | XOM: divination: detect items
  3978 | D:5      | Gained mutation: Potions are less effective at restoring your health. [potion of mutation]
  3978 | D:5      | Gained mutation: Your flesh is very heat resistant. (rF++) [potion of mutation]
  3978 | D:5      | Gained mutation: You have a pair of small horns on your head. [potion of mutation]
  4101 | D:5      | XOM: divination: detect creatures
  4169 | D:5      | Reached skill level 6 in Polearms
  4169 | D:5      | Reached XP level 8. HP: 64/67 MP: 8/8
  4458 | D:6      | XOM: confuse monster(s)
  4490 | D:6      | Reached skill level 4 in Stealth
  4537 | D:6      | XOM: noise
  4653 | D:6      | Reached skill level 5 in Fighting
  4698 | D:6      | Gained mutation: Your spells are a little easier to cast, but a little less powerful. [potion of mutation]
  4698 | D:6      | Gained mutation: You evolve. [potion of mutation]
  4698 | D:6      | Lost mutation: You have a pair of small horns on your head. [potion of mutation]
  4718 | D:6      | Found an iron altar of Okawaru.
  4745 | D:6      | XOM: cleaving
  4748 | D:6      | XOM: smoke on damage
  4764 | D:6      | XOM: summons friendly crimson imp
  4814 | D:6      | Reached skill level 5 in Dodging
  5076 | D:6      | XOM: mild Tloc miscast
  5190 | D:7      | Noticed a hippogriff
  5198 | D:7      | Killed a hippogriff
  5198 | D:7      | Reached skill level 7 in Polearms
  5249 | D:7      | XOM: 2-stop teleportation journey
  5365 | D:7      | XOM is BORED!
  5365 | D:7      | XOM: medium Chrm miscast
  5377 | D:7      | XOM: medium Hex miscast
  5571 | D:7      | XOM: swap monsters
  5626 | D:7      | Found a staircase to the Ecumenical Temple.
  5628 | D:7      | XOM: summons 2 friendly demons
  5632 | D:7      | XOM: noise
  5634 | D:7      | XOM: cast spell 'Call Canine Familiar'
  5645 | D:7      | XOM: potion effect (agility)
  5650 | D:7      | Reached XP level 9. HP: 58/75 MP: 9/9
  5683 | D:7      | XOM: harmless Pois miscast
  5690 | D:7      | XOM: cast spell 'Olgreb's Toxic Radiance'
  5697 | D:7      | Reached skill level 6 in Fighting
  5712 | D:7      | Reached skill level 8 in Polearms
  5818 | D:7      | XOM: silly message
  5822 | D:7      | XOM: divination: detect items
  5828 | D:7      | Reached skill level 5 in Stealth
  5845 | D:7      | XOM: cloud trail
  5951 | D:7      | XOM: noise
  6001 | D:7      | XOM: medium Conj miscast
  6078 | D:8      | Found a stormy altar of Qazlal.
  6080 | D:8      | Found a flagged portal.
  6098 | Bailey   | Entered a bailey
  6143 | Bailey   | Lost mutation: You evolve. [end of evolution]
  6187 | Bailey   | Reached skill level 6 in Dodging
  6406 | Bailey   | XOM: mild Chrm miscast
  6557 | Bailey   | XOM: cast spell 'Excruciating Wounds'
  6562 | Bailey   | Reached skill level 9 in Polearms
  6591 | Bailey   | XOM is BORED!
  6591 | Bailey   | XOM: swap monsters
  6746 | D:8      | Reached skill level 7 in Fighting
  6864 | D:8      | XOM: cloud trail
  6970 | D:8      | Reached skill level 6 in Stealth
  6970 | D:8      | Reached XP level 10. HP: 79/86 MP: 10/10
  7414 | D:9      | Got a heavily runed tin ring
  7415 | D:9      | Identified the ring of Sithrauwn {rC+ Int+4} (You found it on level 9 of the Dungeon)
  7508 | D:9      | Found a staircase to the Lair.
  7513 | D:9      | Found a burning altar of Makhleb.
  7598 | D:9      | Found a burning altar of Makhleb.
  7688 | D:10     | Entered Level 10 of the Dungeon
  7741 | D:10     | XOM: chaos upgrade
  7746 | D:10     | XOM: harmless Tmut miscast
  7747 | D:10     | XOM: mild Erth miscast
  7763 | D:10     | XOM: scenery: create altars
  7837 | D:10     | XOM: medium Tmut miscast
  7858 | D:10     | XOM: mild Erth miscast
  7930 | D:10     | XOM: smoke on damage
  7970 | D:10     | XOM: silly message
  7983 | D:10     | XOM: confuse monster(s)
  8001 | D:10     | Cast into level 1 of the Abyss (gnoll)
  8031 | Abyss:1  | Noticed a tentacled starspawn
  8032 | Abyss:1  | XOM: summons friendly shadow imp
  8049 | Abyss:1  | Noticed a smoke demon
  8119 | Abyss:1  | Reached skill level 10 in Polearms
  8119 | Abyss:1  | Reached skill level 7 in Dodging
  8137 | Abyss:1  | Noticed a bone dragon
  8145 | Abyss:1  | XOM: fake destruction
  8153 | Abyss:1  | Noticed a hell hog
  8158 | Abyss:1  | XOM: enchant monster (good)
  8163 | Abyss:1  | Killed a hell hog
  8163 | Abyss:1  | Reached skill level 8 in Fighting
  8176 | Abyss:1  | Noticed a wretched star
  8200 | Abyss:1  | Noticed a wretched star
  8206 | Abyss:1  | Lost mutation: Your flesh is very heat resistant. (rF++) [potion of cure mutation]
  8206 | Abyss:1  | Lost mutation: Your spells are a little easier to cast, but a little less powerful. [potion of cure mutation]
  8206 | Abyss:1  | Lost mutation: Potions are less effective at restoring your health. [potion of cure mutation]
  8210 | Abyss:1  | XOM: destruction
  8213 | Abyss:1  | XOM: cleaving
  8260 | Abyss:1  | Noticed a starcursed mass
  8261 | Abyss:1  | XOM: scenery: 1 doors open
  8281 | Abyss:1  | Noticed a tentacled starspawn
  8309 | Abyss:1  | XOM: enchant monster (good)
  8332 | Abyss:1  | Noticed a worldbinder
  8353 | Abyss:1  | Noticed a worldbinder
  8369 | Abyss:1  | Noticed a wretched star
  8370 | Abyss:1  | Noticed a worldbinder
  8406 | Abyss:2  | Noticed a large abomination
  8442 | D:10     | Escaped the Abyss
  8492 | D:10     | XOM: 1-stop teleportation journey
  8509 | D:10     | XOM: harmless Tmut miscast
  8663 | D:10     | Noticed a hill giant
  8666 | D:10     | XOM: confuse monster(s)
  8687 | D:10     | Killed a hill giant
  8687 | D:10     | Reached skill level 7 in Stealth
  8750 | D:10     | Noticed an unseen horror
  8789 | D:10     | Killed an unseen horror
  8795 | D:10     | Reached XP level 11. HP: 61/95 MP: 11/11
  8961 | D:10     | XOM: divination: magic mapping
  9192 | D:11     | Noticed Uhlv's ghost (journeyman TrBe)
  9200 | D:11     | XOM: confuse monster(s)
  9227 | D:11     | XOM: cast spell 'Disjunction'
  9250 | D:11     | Killed Uhlv's ghost
  9250 | D:11     | Reached skill level 11 in Polearms
  9433 | D:11     | XOM: cast spell 'Shadow Creatures'
  9439 | D:11     | Reached skill level 9 in Fighting
  9513 | D:11     | XOM: noise
  9560 | D:11     | XOM: 5-stop teleportation journey
  9636 | D:11     | Reached skill level 8 in Dodging
  9908 | D:11     | Noticed Nergalle
  9909 | D:11     | XOM: god gift: 15 gold pieces
  9920 | D:11     | Noticed Nergalle
  9920 | D:11     | Nergalle changed into Nergalle the anaconda
  9920 | D:11     | XOM: polymorph Nergalle -> Nergalle the anaconda
  9923 | D:11     | Killed Nergalle the anaconda
  9923 | D:11     | Reached skill level 8 in Stealth
  9948 | D:11     | Upgraded the game from 0.20-a0-151-g755e310 to 0.21-a0-42-gb537e02
  9948 | D:11     | Upgraded the game from 0.21-a0-42-gb537e02 to 0.21-a0-72-gbbb65ab
  9953 | D:11     | Quit the game

Vault maps used:
D:1:      mrwooster_arrival_statue_2
D:2:      minivault_27, minmay_misc_feat_pillars, uniq_sigmund, uniq_terence
D:3:      lemuel_doored_altar, lemuel_crystal_altar,
          chequers_ecumenical_altar_lobes
D:4:      first_bread, serial_forest, infiniplex_forest_end_2,
          infiniplex_forest_zigzag_1, infiniplex_forest_clump_small,
          infiniplex_forest_corner_2, infiniplex_forest_clump_medium,
          fedhas_altar_1
D:5:      kennysheep_crisscross
D:6:      overflow_temple_1_default
D:7:      the_bakery
D:8:      nicolae_qazlal_style_of_elements, enter_bailey_3
D:9:      makhleb_grotto_becter, lair_entry_dummy, basic_altar
D:10:     special_room
D:11:     david_orc_1_choice, serial_curves, eino_curves_03, eino_curves_02,
          uniq_nergalle
Bailey:   bailey_axe_4, bailey

Skill      XL: |  1  2  3  4  5  6  7  8  9 10 11 |
---------------+----------------------------------+-----
Polearms       | 1 2 3 4 6 7 9 10 11 | 11.7
Dodging        | 3 4 5 6 7 8 |  8.2
Stealth        | 1 2 3 4 6 7 8 |  8.0
Fighting       | 3 4 5 7 8 9 |  9.3
Staves         | |  3.0
Throwing       | |  1.7

Action                   |  1- 3 |  4- 6 |  7- 9 | 10-12 || total
-------------------------+-------+-------+-------+-------++-------
Melee: Spear             |    87 |   157 |   471 |   463 ||  1178
       Tailslap          |     3 |    13 |    51 |    72 ||   139
       Headbutt          |       |       |     8 |       ||     8
 Abil: Breathe Fire      |       |       |     7 |     9 ||    16
Evoke: Wand              |       |       |       |    18 ||    18
       Phial of floods   |       |       |       |     1 ||     1
  Use: Scroll            |       |       |    11 |     8 ||    19
       Potion            |       |       |     3 |     4 ||     7
 Stab: Sleeping          |       |     1 |    11 |    12 ||    24
       Distracted        |       |     1 |     3 |       ||     4
       Paralysed         |       |       |       |     8 ||     8
       Petrified         |       |       |       |     7 ||     7
       Confused          |       |       |       |     3 ||     3
  Eat: Chunk             |     1 |     5 |    15 |    10 ||    31
       Buggy             |       |       |       |     1 ||     1
Armor: Skin              |    10 |    18 |    67 |    60 ||   155
Dodge: Dodged            |    54 |    60 |   218 |   221 ||   553
